 Dungeon Crawl Stone Soup version 0.16-a0-3325-g64f94fb (webtiles) character file.

5306 Kemay the Martial Artist (level 10, -6/69 HPs)
             Began as an Octopode Transmuter on Dec 27, 2014.
             Was an Initiate of Sif Muna.
             Mangled by an orc warrior
             ... wielding a +0 trident
              (13 damage)
             ... on level 10 of the Dungeon.
             The game lasted 00:53:29 (13444 turns).

Kemay the Martial Artist (Octopode Transmuter)     Turns: 13444, Time: 00:53:29

Health: -6/69      AC:  7    Str: 13    XL:     10   Next: 64%
Magic:  24/27      EV: 14    Int: 18    God:    Sif Muna [......]
Gold:   550        SH:  0    Dex: 15    Spells: 2 memorised, 10 levels left

rFire  x . .     SeeInvis +     b - melded +5 blowgun
rCold  + + +     Clarity  +     (shield currently unavailable)
rNeg   + + .     SustAb   .     (helmet currently unavailable)
rPois  +         Gourm    .     t - amulet of warding
rElec  .         Spirit   .     g - +1 ring of protection
rCorr  .         Warding  +     f - ring of positive energy
rMut   .         Stasis   .     j - ring of poison resistance
MR     +....                    u - ring of stealth
Stlth  ++........               w - ring of protection from cold
                                r - +3 ring of strength
                                K - ring of see invisible
                                P - ring of magical power

@: ice-form, somewhat resistant to hostile enchantments, unstealthy
A: almost no armour, amphibious, 8 rings, (constrict 8), (camouflage 0), agile
1, clarity, magic resistance 1, (gelatinous body 0)
a: End Transformation, Renounce Religion


You were on level 10 of the Dungeon.
You worshipped Sif Muna.
Sif Muna was noncommittal.
You were not hungry.
You were a creature of crystalline ice.
You visited 2 branches of the dungeon, and saw 12 of its levels.

You collected 550 gold pieces.

Inventory:

Hand weapons
 b - a +5 blowgun (melded)
 C - a +0 quick blade
 L - a +0 battleaxe
Missiles
 e - 3 needles of sleeping
 B - 34 poisoned needles
 J - 6 curare-tipped needles
Armour
 c - a +0 shield
Jewellery
 f - a ring of positive energy (right front paw)
 g - a +1 ring of protection (left front paw)
 j - a ring of poison resistance (on tentacle)
 r - a +3 ring of strength (on tentacle)
 t - an amulet of warding (around neck)
 u - a ring of stealth (on tentacle)
 w - a ring of protection from cold (on tentacle)
 K - a ring of see invisible (on tentacle)
 P - a ring of magical power (on tentacle)
Magical devices
 l - a wand of flame (7)
 q - a wand of hasting (0)
 A - a wand of frost (12)
 I - a wand of slowing (17)
 M - a wand of cold (2)
Scrolls
 k - 6 scrolls of remove curse
 v - 2 scrolls of blinking
 y - a scroll of fear
 E - a scroll of teleportation
Potions
 h - 3 potions of heal wounds
 i - 2 potions of restore abilities
 o - 2 potions of brilliance
 p - a potion of lignification
 s - 2 potions of might
 x - a potion of berserk rage
 z - 2 potions of flight {unknown}
 F - a potion of invisibility {unknown}
 G - a potion of curing
 O - a potion of haste
Books
 d - a book of Changes

   Spells                             Type                      Level
   a - Beastly Appendage              Transmutation                1
   b - Sticks to Snakes               Transmutation                2
   c - Spider Form                    Transmutation/Poison         3
   d - Ice Form                       Ice/Transmutation            4
   e - Blade Hands                    Transmutation                5
Comestibles
 a - 4 bread rations
 m - 4 meat rations
 n - 5 fruits
 D - a beef jerky
 H - a chunk of flesh


   Skills:
 - Level 1.0 Fighting
 * Level 6.9 Dodging
 * Level 10.5 Unarmed Combat
 - Level 3.1 Spellcasting
 + Level 7.2 Transmutations
 - Level 6.0 Ice Magic


You had 10 spell levels left.
You knew the following spells:

 Your Spells              Type           Power        Failure   Level  Hunger
a - Beastly Appendage     Trmt           ####..       1%          1    None
b - Ice Form              Ice/Trmt       ####....     14%         4    ####...


Dungeon Overview and Level Annotations

Branches:
Dungeon (11/15)            Temple (1/1) D:5            Lair (0/8) D:10
    Orc (0/4) D:9

Altars:
Ashenzari
Cheibriados
Dithmenos
Elyvilon
Fedhas
Gozag
Kikubaaqudgha
Makhleb
Nemelex Xobeh
Okawaru
Qazlal
Ru
Sif Muna
Trog
Vehumet
Xom
Yredelemnul
Zin
The Shining One

Shops:
D:4 [

Portals:
Labyrinth: D:11

Annotations:
D:4 Kemay's ghost, average OpTm
D:7 Joseph
D:9 exclusion: giant spore, Maurice
D:10 Fannar; Urug


Innate Abilities, Weirdness & Mutations

You cannot wear most types of armour.
You are amphibious.
You can wear up to eight rings at the same time.
((You can use your tentacles to constrict many enemies at once.))
((Your skin changes colour to match your surroundings (Stealth).))
((Your rubbery body absorbs attacks (AC +1).))
You are agile. (Dex +2)
You possess an exceptional clarity of mind.
You are resistant to hostile enchantments.


Message History

The orc warrior is severely wounded.
The orc warrior drinks a potion.
The orc warrior goes berserk!
You hit the orc warrior. You freeze the orc warrior.
The orc warrior is almost dead.
The orc warrior hits you with a trident!!
You hit the orc warrior. You freeze the orc warrior.
The orc warrior is almost dead.
The orc warrior hits you with a trident!!
* * * LOW HITPOINT WARNING * * *
You are too injured to fight recklessly!
You are too injured to fight recklessly!
You closely miss the orc warrior.
The orc warrior is almost dead.
The orc warrior closely misses you.
Urug throws a javelin.
The javelin misses you.
The orc warrior hits you with a trident!
* * * LOW HITPOINT WARNING * * *
Urug complains repeatedly.
The orc warrior hits you with a trident!
You die...

.# #.# #..# .# #.# #..#
.# #.########..# .#
#...........# .#
#......)....# .#
#...........# .#
#...........# .#
#...........# .#
#.........Y.# .#
#........oo.# .#
#.........oo# .#
#...........# .#
#...........## .#
#.............. .#
#................
(######.(..............
.()(.(.(..........####


You could see Urug, an orc warrior (berserk) and 2 orcs.

Vanquished Creatures
  A hill giant (D:10)
  Pikel (D:7)
  2 two-headed ogres
  2 wraiths (D:10)
  A deep elf mage (D:9)
  Edmund (D:6)
  2 ice beasts
  2 orc warriors
  3 ogres
  A black bear (D:9)
  2 centaurs
  A slave (D:7)
  2 sky beasts (D:6)
  Duvessa (D:7)
  3 giant frogs
  2 big kobolds
  5 killer bees (D:7)
  5 wights
  Dowan (D:7)
  2 goliath beetles
  4 orc wizards
  A quasit (D:6)
  2 crimson imps
  A centaur skeleton (D:5)
  3 centaur zombies (D:5)
  2 orc priests
  4 hounds
  2 jellies
  A gnoll shaman (D:8)
  6 worker ants
  2 iguanas
  A hound skeleton (D:6)
  A worker ant zombie (D:10)
  11 adders
  10 gnolls
  3 giant mites
  2 worms
  2 adder skeletons
  2 oozes
  19 orcs
  2 bat skeletons
  4 giant cockroaches
  15 goblins
  16 hobgoblins
  6 jackals
  27 kobolds
  2 quokkas
  2 ball pythons
  14 bats
  2 giant gecko skeletons (D:4)
  2 giant gecko zombies
  7 giant newts
  A quokka skeleton (D:5)
  A quokka zombie (D:7)
  18 rats
238 creatures vanquished.

Vanquished Creatures (others)
  3 slaves (D:7)
3 creatures vanquished.

Grand Total: 241 creatures vanquished

Notes
Turn   | Place    | Note
--------------------------------------------------------------
     0 | D:1      | Kemay, the Octopode Transmuter, began the quest for the Orb.
     0 | D:1      | Reached XP level 1. HP: 13/13 MP: 3/3
   154 | D:1      | Reached XP level 2. HP: 13/18 MP: 2/4
   925 | D:1      | Gained mutation: You possess an exceptional clarity of mind. [potion of mutation]
   925 | D:1      | Gained mutation: You are resistant to hostile enchantments. [potion of mutation]
   925 | D:1      | Gained mutation: You are agile. (Dex +2) [potion of mutation]
  1311 | D:2      | Reached XP level 3. HP: 23/23 MP: 4/6
  1943 | D:3      | Reached skill level 4 in Unarmed Combat
  1954 | D:3      | Found a shadowy altar of Dithmenos.
  2141 | D:3      | Reached XP level 4. HP: 28/28 MP: 7/7
  2808 | D:3      | Learned a level 4 spell: Ice Form
  2811 | D:3      | Reached skill level 5 in Unarmed Combat
  2811 | D:3      | Reached XP level 5. HP: 24/33 MP: 7/9
  2931 | D:4      | Found Nesohis' Antique Armour Shoppe.
  3194 | D:4      | Noticed Kemay's ghost (average OpTm)
  4133 | D:5      | Entered Level 5 of the Dungeon
  4157 | D:5      | Reached XP level 6. HP: 38/38 MP: 8/10
  4259 | D:5      | Found a glowing silver altar of Zin.
  4267 | D:5      | Found a staircase to the Ecumenical Temple.
  4283 | D:5      | Reached skill level 6 in Unarmed Combat
  4290 | Temple   | Entered the Ecumenical Temple
  4487 | D:5      | Noticed an ogre
  4505 | D:5      | Killed an ogre
  4829 | D:5      | Reached XP level 7. HP: 35/43 MP: 10/13
  5165 | D:5      | Found a stormy altar of Qazlal.
  5246 | D:5      | Found an opulent altar of Gozag.
  5756 | D:6      | Reached skill level 7 in Unarmed Combat
  6045 | D:6      | Reached skill level 5 in Dodging
  6204 | D:6      | Reached XP level 8. HP: 46/48 MP: 14/16
  6230 | D:6      | Found a radiant altar of Vehumet.
  6261 | D:6      | Reached skill level 1 in Ice Magic
  6619 | D:6      | HP: 2/48 [ice beast (2)]
  7039 | D:7      | Noticed Duvessa
  7039 | D:7      | Noticed Dowan
  7138 | D:7      | Reached skill level 8 in Unarmed Combat
  7184 | D:7      | Found a snail-covered altar of Cheibriados.
  7272 | D:7      | Noticed Edmund
  7538 | D:6      | Killed Edmund
  7538 | D:6      | Reached XP level 9. HP: 22/53 MP: 18/18
  7964 | D:7      | Noticed Pikel
  8015 | D:7      | Killed Duvessa
  8015 | D:7      | HP: 1/53 [Dowan/stone arrow (18)]
  8312 | D:7      | Killed Dowan
  8549 | D:7      | Killed Pikel
  8549 | D:7      | Reached skill level 9 in Unarmed Combat
  8549 | D:7      | Reached skill level 5 in Transmutations
  8549 | D:7      | Reached skill level 5 in Ice Magic
  8889 | D:7      | Noticed Joseph
  9946 | D:8      | Found a deep blue altar of Sif Muna.
  9946 | D:8      | Found a bloodstained altar of Trog.
  9950 | D:8      | Became a worshipper of Sif Muna the Loreminder
  9998 | D:8      | Reached XP level 10. HP: 58/58 MP: 17/18
 11380 | D:9      | Reached skill level 10 in Unarmed Combat
 11481 | D:9      | Found a staircase to the Orcish Mines.
 11943 | D:9      | Noticed Maurice
 12256 | D:10     | Entered Level 10 of the Dungeon
 12501 | D:10     | Found a staircase to the Lair.
 12501 | D:10     | Noticed Fannar
 13006 | D:10     | Noticed a hill giant
 13075 | D:11     | Found a labyrinth entrance.
 13077 | D:11     | Noticed a six-headed hydra
 13384 | D:10     | Noticed a hill giant
 13395 | D:10     | Killed a hill giant
 13438 | D:10     | Noticed Urug
 13444 | D:10     | Mangled by an orc warrior

Action                   |  1- 3 |  4- 6 |  7- 9 | 10-12 || total
-------------------------+-------+-------+-------+-------++-------
Melee: Unarmed           |    87 |   121 |   259 |   132 ||   599
 Fire: Blowgun           |       |     3 |    54 |    23 ||    80
 Cast: Beastly Appendage |    11 |    14 |    50 |    20 ||    95
       Ice Form          |       |       |       |     7 ||     7
 Abil: End Transformatio |     2 |     6 |    11 |     4 ||    23
Evoke: Wand              |       |       |     5 |     3 ||     8
  Use: Potion            |     3 |       |     6 |       ||     9
       Scroll            |     8 |     6 |     6 |     5 ||    25
 Stab: Sleeping          |     4 |    12 |    11 |     6 ||    33
       Distracted        |       |       |     2 |       ||     2
  Eat: Chunk             |     4 |     6 |    14 |     8 ||    32
       Pizza             |       |     1 |       |     1 ||     2
       Fruit             |       |     1 |     4 |     3 ||     8
